 Dungeon Sprint DCSS version 0.28-a0-313-gbc0475efdd (webtiles) character file.

Game seed: 2287574534821728998

1347 Ankalagon the Martial Artist (level 8, -6/57 HPs)
             Began as an Octopode Transmuter on Aug 31, 2021.
             Was an Initiate of Dithmenos.
             Mangled by a polar bear (8 damage)
             ... while paralysed by a hornet
             ... in the Dungeon (Sprint II: "The Violet Keep of Menkaure").
             The game lasted 00:05:20 (588 turns).

Ankalagon the Martial Artist (Octopode Transmuter)   Turns: 588, Time: 00:05:20

Health: -6/57      AC:  2    Str: 10    XL:     8   Next: 62%
Magic:  15/16      EV:  5    Int: 15    God:    Dithmenos [......]
Gold:   391        SH:  0    Dex: 19    Spells: 12/18 levels left

rFire   . . .      SeeInvis .     - Unarmed
rCold   . . .      Faith    .   (shield currently unavailable)
rNeg    . . .      Spirit   .   (helmet currently unavailable)
rPois   x          Reflect  .   (no amulet)
rElec   .          Harm     .   b - ring of wizardry
rCorr   .          Rampage  .   (no ring)
Will    .....      NoTele   +   (no ring)
Stlth   ++++......              (no ring)
HPRegen 0.19/turn               (no ring)
MPRegen 0.15/turn               (no ring)
                                (no ring)
                                (no ring)

@: paralysed, lethally poisoned (-6 -> -23), spider-form, slowed, unable to read
A: venomous fangs, almost no armour, (amphibious), 8 rings, tiny, (camouflage
1), (gelatinous body 1), (nimble swimmer 1), (tentacles), no potion heal 1,
inability to read while threatened
a: End Transformation, Renounce Religion


You were in the Dungeon.
You worshipped Dithmenos.
Dithmenos was noncommittal.
You were a venomous arachnid creature.
You visited 1 branch You collected 751 gold pieces.
You spent 360 gold pieces at shops.

Inventory:

Jewellery
 b - a ring of wizardry (left front leg)
Scrolls
 f - a scroll of blinking
Potions
 c - a potion of haste
 d - 2 potions of magic


   Skills:
 - Level 6.0 Fighting
 - Level 6.3 Dodging
 + Level 7.6 Stealth
 + Level 12.2 Unarmed Combat
 - Level 5.6 Spellcasting
 - Level 6.3 Transmutations
 - Level 6.7 Poison Magic


You had 12 spell levels left.
You knew the following spells:

 Your Spells              Type           Power      Damage    Failure   Level
a - Beastly Appendage     Tmut           46%        N/A       2%          1
b - Wereblood             Tmut           23%        N/A       2%          2
c - Spider Form           Tmut/Pois      11%        N/A       4%          3

Your spell library contained the following spells:

 Spells                   Type           Power      Damage    Failure   Level
 Ice Form                 Ice/Tmut       13%        N/A       30%         4


Dungeon Overview and Level Annotations

Branches:
Dungeon (1/1)

Altars:
Cheibriados
Dithmenos
Elyvilon
Fedhas
Gozag
Hepliaklqana
Kikubaaqudgha
Makhleb
Nemelex Xobeh
Okawaru
Qazlal
Ru
Sif Muna
Trog
Uskayaw
Vehumet
Wu Jian
Xom
Yredelemnul
Zin
The Shining One
Beogh
Jiyva
Lugonu

Shops:
D (!:[=?(*[:?=!=:

Annotations:
D exclusions: obsidian statue and oklob plant, Kirke, Roxanne


Innate Abilities, Weirdness & Mutations

You are a venomous arachnid creature.
You have poisonous fangs.
You are tiny and dextrous.
Your spellcasting is less reliable in this form.
Your armour is entirely melded.
You are incapable of wielding weapons or throwing items.
You cannot wear most types of armour.
((You are amphibious.))
You can wear up to eight rings at the same time.
((Your skin changes colour to match your surroundings (Stealth+).))
((Your rubbery body absorbs attacks. (AC +1, EV +1)))
((You are camouflaged near water. (Stealth+)))
((You have tentacles for arms and can constrict up to eight enemies at once.))
Potions are less effective at restoring your health.
You sometimes lose the ability to read scrolls when taking damage.


Message History

The hornet misses you. The polar bear barely misses you.
The polar bear completely misses you. The polar bear claws you.
The hornet misses you. The polar bear bites you! The polar bear misses you. x2
You are too injured to fight recklessly!
Okay, then.
Unknown command.
Press < or > to pray at altars.
Unknown command.
Press < or > to pray at altars.
Unknown command.
Press < or > to pray at altars.
Your system partially rejects the healing.
You feel better.
You feel yourself speed up. The hornet closely misses you.
The hornet misses you. The polar bear closely misses you.
The polar bear misses you. The polar bear completely misses you.
The hornet closely misses you.
There is a glowing silver altar of Zin here.
The orange crystal statue is engulfed in mutagenic fog.
The hornet stings you.
You feel yourself slow down.
The orange crystal statue is engulfed in mutagenic fog.
The hornet closely misses you.
The orange crystal statue is engulfed in mutagenic fog.
The polar bear closely misses you. x2; The polar bear completely misses you.
You feel yourself speed up.
You can read scrolls again.
The orange crystal statue is engulfed in mutagenic fog.
The hornet stings you.
* * * LOW HITPOINT WARNING * * *
You are lethally poisoned!
You feel yourself slow down.
You hit the hornet.
The hornet is heavily wounded.
* * * LOW HITPOINT WARNING * * *
You feel extremely sick. The hornet stings you!
You feel threatened and lose the ability to read scrolls!
* * * LOW HITPOINT WARNING * * *
You suddenly lose the ability to move!
The polar bear bites you!
You die...

.#.####≈§.....≈#'########+###
###.#≈≈≈§≈≈≈..≈#_._.....#≈≈≈#
.#.##≈≈≈§§≈≈≈.≈#†_._....#§≈§≈
#'##≈≈≈§§≈§≈§§§#_._._...#≈§§§§
≈≈≈≈≈≈≈≈≈≈§§§§§#._._._..#S§§§§
+#+++#§§≈≈≈≈§§≈#_._._._.#§§≈§§
°○≈○ ##≈≈§###≈§#ch._._._#§§≈§§
○°§○≈≈ #≈≈ #§§#yh_._._.#§§§≈§
°8○≈°≈≈+ #§§#s_._._..#≈§≈§▓
≈≈≈°§≈##
≈≈≈≈§≈##########§≈≈§▓z ≈°○≈°##
#######S≈≈≈≈≈≈≈≈≈§≈≈▓z +####
≈≈≈§###≈########≈▓▓▓▓▓
≈§§≈≈##≈# ▓▓ 8≈§§§§+≈#
§§§§§#### §§§§#


You could see an orange crystal statue, 2 polar bears, a yaktaur, a hornet
(poisoned) and a water moccasin.

Vanquished Creatures
  A polar bear (D)
  2 wyverns (D)
  A vampire mosquito (D)
  3 neqoxecs (D)
  A water moccasin (D)
  4 necrophages (D)
12 creatures vanquished.

Vanquished Creatures (others)
  A neqoxec (D)
  Menkaure (D)
  A water moccasin (D)
3 creatures vanquished.

Grand Total: 15 creatures vanquished

Notes
Turn   | Place    | Note
-------+----------+-------------------------------------------
     0 | D        | Ankalagon the Octopode Transmuter began the quest for the
                  | Orb.
     0 | D        | Reached XP level 1. HP: 13/13 MP: 3/3
     1 | D        | Noticed a necrophage
     1 | D        | Noticed a necrophage
     1 | D        | Noticed a necrophage
     1 | D        | Noticed a necrophage
     6 | D        | Killed a necrophage
     7 | D        | Reached skill level 9 in Unarmed Combat
     7 | D        | Reached XP level 2. HP: 18/18 MP: 5/5
     7 | D        | Reached XP level 3. HP: 23/23 MP: 6/6
     7 | D        | Reached XP level 4. HP: 28/28 MP: 7/7
    10 | D        | Killed a necrophage
    11 | D        | Reached XP level 5. HP: 37/37 MP: 8/8
    13 | D        | Killed a necrophage
    14 | D        | Reached skill level 5 in Fighting
    14 | D        | Reached skill level 5 in Dodging
    14 | D        | Reached skill level 5 in Transmutations
    14 | D        | Reached XP level 6. HP: 45/45 MP: 9/9
    19 | D        | Killed a necrophage
    26 | D        | Killed Menkaure
    31 | D        | Learned a level 2 spell: Wereblood
    35 | D        | Learned a level 3 spell: Spider Form
    37 | D        | Noticed a boulder beetle
    37 | D        | Noticed a boulder beetle
    40 | D        | Noticed a wyvern
    40 | D        | Noticed a wyvern
    43 | D        | Noticed a neqoxec
    49 | D        | Gained mutation: You are agile. (Dex +2) [a neqoxec]
    57 | D        | Gained mutation: Potions are less effective at restoring
                  | your health. [a neqoxec]
    61 | D        | Killed a neqoxec
    61 | D        | Noticed a neqoxec
    62 | D        | Reached XP level 7. HP: 38/52 MP: 1/13
    63 | D        | Lost mutation: You are agile. (Dex +2) [a neqoxec]
    71 | D        | Gained mutation: You sometimes lose the ability to read
                  | scrolls when taking damage. [a neqoxec]
    73 | D        | Killed a neqoxec
    74 | D        | Reached skill level 5 in Spellcasting
   120 | D        | Killed a neqoxec
   162 | D        | Noticed a neqoxec
   168 | D        | Killed a neqoxec
   183 | D        | Reached skill level 10 in Unarmed Combat
   183 | D        | Noticed Roxanne
   186 | D        | Found Oxeczes's Jewellery Shoppe.
   186 | D        | Found Keloson's Book Emporium.
   187 | D        | Found Laem's Jewellery Shoppe.
   187 | D        | Found Huattig Tiup's Distillery.
   188 | D        | Found Uxonoc's Book Shoppe.
   188 | D        | Found Kousuone's Magic Scroll Emporium.
   189 | D        | Found Vuklowel's Assorted Antiques.
   189 | D        | Found Xeynnol's Antique Armour Emporium.
   190 | D        | Found Guil's Antique Weapon Shoppe.
   191 | D        | Found Vumpaur's Magic Scroll Shoppe.
   191 | D        | Found Fiogiojo's Jewellery Emporium.
   191 | D        | Noticed a manticore
   191 | D        | Noticed a manticore
   217 | D        | Killed a wyvern
   218 | D        | Reached skill level 11 in Unarmed Combat
   218 | D        | Reached XP level 8. HP: 33/57 MP: 12/16
   223 | D        | Killed a wyvern
   241 | D        | Found Tofiss's Antique Armour Emporium.
   241 | D        | Noticed a manticore
   241 | D        | Noticed an oklob plant
   242 | D        | Found Tiuzupn's Distillery.
   242 | D        | Found Assumpo's Book Shoppe.
   242 | D        | Found Myenugorav's Weapon Emporium.
   452 | D        | Reached skill level 5 in Stealth
   461 | D        | Noticed a great orb of eyes
   479 | D        | Bought a ring of wizardry for 360 gold pieces
   504 | D        | Noticed Kirke
   504 | D        | Noticed a skeletal warrior
   518 | D        | Noticed an obsidian statue
   535 | D        | Found an iron altar of Okawaru.
   535 | D        | Found a radiant altar of Vehumet.
   536 | D        | Found a sparkling altar of Nemelex Xobeh.
   536 | D        | Found a hide-covered altar of Uskayaw.
   536 | D        | Found a glowing silver altar of Zin.
   537 | D        | Found an opulent altar of Gozag.
   537 | D        | Found a burning altar of Makhleb.
   537 | D        | Found a bloodstained altar of Trog.
   538 | D        | Found a blossoming altar of Fedhas.
   538 | D        | Found a corrupted altar of Lugonu.
   538 | D        | Found a basalt altar of Yredelemnul.
   538 | D        | Found a shimmering blue altar of Sif Muna.
   539 | D        | Found a white marble altar of Elyvilon.
   539 | D        | Found an ancient bone altar of Kikubaaqudgha.
   540 | D        | Found a shadowy altar of Dithmenos.
   540 | D        | Found a viscous altar of Jiyva.
   540 | D        | Found a shimmering altar of Xom.
   540 | D        | Found a sacrificial altar of Ru.
   541 | D        | Found a snail-covered altar of Cheibriados.
   543 | D        | Found a hazy altar of Hepliaklqana.
   543 | D        | Noticed a hornet
   543 | D        | Noticed a polar bear
   544 | D        | Found a glowing golden altar of the Shining One.
   544 | D        | Found an ornate altar of the Wu Jian Council.
   544 | D        | Found a stormy altar of Qazlal.
   544 | D        | Noticed a yaktaur
   557 | D        | Noticed a flying skull
   557 | D        | Noticed a flying skull
   563 | D        | Became a worshipper of Dithmenos the Shadowed
   568 | D        | Noticed a polar bear
   570 | D        | Noticed a polar bear
   579 | D        | Killed a polar bear
   580 | D        | Reached skill level 12 in Unarmed Combat
   585 | D        | Noticed an orange crystal statue
   588 | D        | HP: 2/57 [hornet (8)]
   588 | D        | Paralysed by a hornet for 3 turns
   588 | D        | Mangled by a polar bear

Illustrated notes

Levels and vault maps discovered:
D:        the_violet_keep_of_menkaure [sprint2_stairs_cluster_1,
          sprint2_shoproom, sprint2_temple, sprint2_basic_supplies,
          sprint2_obstacle_3, sprint2_obstacle_4, sprint2_obstacle_6,
          sprint2_obstacle_5, sprint2_obstacle_2, sprint2_timed_cluster_1,
          sprint2_smallroom_cluster_1, sprint2_smallroom_final_cluster_1,
          sprint2_transparent_cluster_1, sprint2_second_timed_cluster_1,
          sprint2_sniper_area_1, sprint2_heavy_combat_area_1,
          sprint2_mutation_trap_area_1, sprint2_forest_area_1,
          sprint2_light_combat_area_1, sprint2_behind_water_1,
          sprint2_near_end_vault_1]

Skill      XL: |  1  2  3  4  5  6  7  8 |
---------------+-------------------------+-----
Unarmed Combat | 9 11 12 | 12.2
Fighting       | 3 5 6 |  6.0
Dodging        | 4 5 6 |  6.3
Transmutations | 4 5 6 |  6.3
Spellcasting   | 4 5 |  5.6
Poison Magic   | 4 6 |  6.7
Stealth        | 7 |  7.6

Action                   |  1- 3 |  4- 6 |  7- 9 || total
-------------------------+-------+-------+-------++-------
Melee: Unarmed           |     4 |    22 |    45 ||    71
       Constrict         |     1 |     3 |     2 ||     6
       Tentacles         |     1 |     2 |     4 ||     7
       Punch             |       |     2 |     1 ||     3
 Cast: Spider Form       |       |     1 |     4 ||     5
  Use: Potion            |     1 |       |     2 ||     3
 Stab: Distracted        |       |       |     1 ||     1
Armor: Skin              |       |       |     3 ||     3
Dodge: Dodged            |     1 |    12 |    52 ||    65

Table legend: (Time is in decaauts)
 A = Elapsed time spent in this place.
 B = Non-inter-level travel time spent in this place.
 C = Inter-level travel time spent in this place.
 D = Time resting spent in this place.
 E = Time spent auto-exploring this place.
 F = Levels seen in this place.
 G = Mean time per level.
                   A        B        C        D        E       F      G
               +--------+--------+--------+--------+--------+-----+--------+
         Total |    597 |    597 |      0 |    279 |      0 |   1 |  597.0 |
       Dungeon |    597 |    597 |      0 |    279 |      0 |   1 |  597.0 |
               +--------+--------+--------+--------+--------+-----+--------+

Top non-repeatable levels by time:
       D: 597 daAuts
